 Dungeon Crawl Stone Soup version 0.23.0-3-gf3c87f2 (webtiles) character file.

Game seed: 11981659822135245200

15 Monsterracer the Gusty (level 2, 0/23 HPs)
             Began as a Ghoul Air Elementalist on Feb 24, 2019.
             Slain by a jackal (1 damage)
             ... on level 1 of the Dungeon.
             The game lasted 00:00:30 (303 turns).

Monsterracer the Gusty (Ghoul Air Elementalist)      Turns: 303, Time: 00:00:31

Health: 0/23       AC:  2    Str: 11    XL:     2   Next: 50%
Magic:  1/3        EV: 12    Int: 10    God:
Gold:   2          SH:  0    Dex:  9    Spells: 3/4 levels left

rFire    . . .     SeeInvis .     - Unarmed
rCold    + . .     Gourm    .   (no shield)
rNeg     + + +     Faith    .   a - +0 robe
rPois    ∞         Spirit   .   (no helmet)
rElec    .         Reflect  .   (no cloak)
rCorr    .         Harm     .   (no gloves)
MR       .....                  (no boots)
Stlth    ++........             (no amulet)
HPRegen  0.00/turn              (no ring)
MPRegen  0.08/turn              (no ring)

@: very slightly contaminated, rotting
A: rotting body, claws 1, carnivore, cold resistance 1, negative energy
resistance 3, inhibited regeneration, torment resistance, unbreathing
a: no special abilities


You were on level 1 of the Dungeon.
You were not hungry.

You visited 1 branch of the dungeon, and saw 1 of its levels.

You collected 2 gold pieces.


Innate Abilities, Weirdness & Mutations

Your body is rotting away.
You thrive on raw meat.
You are immune to poison.
You have sharp fingernails.
You are carnivorous and can eat meat at any time.
Your flesh is cold resistant. (rC+)
You are immune to negative energy. (rN+++)
You do not regenerate when monsters are visible.
You are immune to unholy pain and torment.
You can survive without breathing.


   Skills:
 + Level 1.1 Fighting
 - Level 1.7 Dodging
 - Level 2.1 Stealth
 * Level 1.8 Unarmed Combat
 - Level 1.7 Spellcasting
 - Level 0.7 Conjurations
 - Level 2.4 Air Magic


You had 3 spell levels left.
You knew the following spells:

 Your Spells              Type           Power        Failure   Level  Hunger
a - Shock                 Conj/Air       #...         17%         1    ##.....

Your spell library contained the following spells:

 Spells                   Type           Power        Failure   Level  Hunger
 Swiftness                Chrm/Air       #.......     30%         2    ###....
 Static Discharge         Conj/Air       #.......     45%         3    ####...
 Airstrike                Air            #.........   75%         4    #####..
 Lightning Bolt           Conj/Air       #.........   99%         5    ######.

Inventory:

Armour
 a - a +0 robe (worn)
Comestibles
 c - a ration

Dungeon Overview and Level Annotations

Branches:
Dungeon (1/15)

Altars:

....#..#.g..w....
#..........h...#...#
.........#)#....... .
.................. #.#.
.................
...#.......h$.........#
...#.#.........##.#.#.
#.#.#....####........
#..)....whh@.......#
#...#....####.#....#
#...........#.#..#. #
##........[.#....#.#
###.###..###.###.#......#
.............# #.÷.#.####
.>.......###.# #.#.#.#
.#######.###.###.....##
#...........#..#


You could see a dart slug and 2 jackals.


Message History

Unknown command.
You barely miss the jackal.
The jackal is almost dead.
The jackal bites you.
* * * LOW HITPOINT WARNING * * *
The jackal closely misses you.
You take 1 damage, and have 6/23 hp.
You closely miss the jackal.
The jackal is almost dead.
The jackal barely misses you.
You barely miss the jackal. Your claw misses the jackal.
The jackal is almost dead.
The jackal misses you.
Unknown command.
Unknown command.
You scratch the jackal but do no damage.
The jackal is almost dead.
The jackal closely misses you. The jackal completely misses you.
You scratch the jackal.
You kill the jackal!
You scratch the jackal but do no damage.
The jackal barely misses you.
Unknown command.
Unknown command.
Unknown command.
You miss the jackal.
The jackal bites you but does no damage. x2
Casting: Shock (safe; 17% risk of failure)
Confirm with . or Enter, or press ? or * to list all spells.
Aiming: Shock (safe; 17% risk of failure)
Press: ? - help, Shift-Dir - straight line, f - jackal
Aim: a jackal You miscast Shock.
You are very lightly contaminated with residual magic.
You feel a strange surge of energy!
The jackal bites you but does no damage.
You now have 2/3 mp.
Casting: Shock (safe; 17% risk of failure)
Confirm with . or Enter, or press ? or * to list all spells.
Aiming: Shock (safe; 17% risk of failure)
Press: ? - help, Shift-Dir - straight line, f - dart slug, p - jackal
Aim: a dart slug The zap hits the jackal.
The jackal is severely wounded.
The zap hits the goblin.
The goblin is moderately wounded.
The zap hits the jackal.
The jackal is heavily wounded.
The zap hits the dart slug.
The dart slug is lightly wounded.
The jackal closely misses you.
You now have 1/3 mp.
Casting: Shock (safe; 17% risk of failure)
Confirm with . or Enter, or press ? or * to list all spells.
Aiming: Shock (safe; 17% risk of failure)
Press: ? - help, Shift-Dir - straight line, f/p - dart slug
Aim: a dart slug (lightly wounded)
The zap misses the jackal.
The zap hits the goblin.
The goblin is heavily wounded.
The zap misses the jackal.
The zap hits the dart slug.
The dart slug is heavily wounded.
The jackal barely misses you. x2
You now have 0/3 mp.
You closely miss the jackal.
The jackal is severely wounded.
The jackal barely misses you.
You scratch the jackal.
You kill the jackal!
The goblin closely misses you.
You scratch the goblin.
You kill the goblin!
The jackal barely misses you.
You barely miss the jackal. The jackal barely misses you.
You scratch the jackal.
The jackal is moderately wounded.
The jackal bites you.
* * * LOW HITPOINT WARNING * * *
You take 2 damage, and have 4/23 hp.
You barely miss the jackal.
The jackal is moderately wounded.
The jackal barely misses you. The jackal bites you.
* * * LOW HITPOINT WARNING * * *
You take 1 damage, and have 3/23 hp.
You closely miss the jackal.
The jackal is moderately wounded.
The jackal closely misses you.
Unknown command.
You closely miss the jackal.
The jackal is moderately wounded.
The jackal bites you but does no damage.
The jackal closely misses you.
You closely miss the jackal.
The jackal is moderately wounded.
The jackal bites you.
* * * LOW HITPOINT WARNING * * *
You take 2 damage, and have 1/23 hp.
You scratch the jackal.
The jackal is severely wounded.
The jackal bites you.
You die...

Skill      XL: |  1  2 |
---------------+-------+-----
Unarmed Combat | 1 |  1.8
Fighting       | 1 |  1.1
Dodging        | |  1.7
Stealth        | |  2.1
Spellcasting   | |  1.7
Conjurations   | |  0.7
Air Magic      | |  2.4

Action                   || total
-------------------------++-------
Melee: Unarmed           ||    47
       Punch             ||     1
 Cast: Shock             ||     4
  Eat: Chunk             ||     4
Armor: Robe              ||    12
Dodge: Dodged            ||    33

Levels and vault maps discovered:
D:1:      ncdulo_smallfort, layout_basic, minmay_unequal

Notes
Turn   | Place    | Note
-------+----------+-------------------------------------------
     0 | D:1      | Monsterracer the Ghoul Air Elementalist began the quest for
                  | the Orb.
     0 | D:1      | Reached XP level 1. HP: 14/14 MP: 2/2
    46 | D:1      | HP: 7/15 [frilled lizard (3)]
    47 | D:1      | Reached skill level 1 in Unarmed Combat
   236 | D:1      | Reached XP level 2. HP: 15/22 MP: 3/3
   239 | D:1      | Reached skill level 1 in Fighting
   276 | D:1      | HP: 10/23 [jackal (2)]
   282 | D:1      | HP: 7/23 [jackal (2)]
   298 | D:1      | HP: 4/23 [jackal (2)]
   302 | D:1      | HP: 1/23 [jackal (2)]
   303 | D:1      | Slain by a jackal

Vanquished Creatures
  A dart slug (D:1)
  A bat (D:1)
  A giant cockroach (D:1)
  2 goblins (D:1)
  A hobgoblin (D:1)
  2 jackals (D:1)
  A kobold (D:1)
  A frilled lizard (D:1)
  A rat (D:1)
11 creatures vanquished.

Table legend:
 A = Turns spent in this place as a percentage of turns spent in the entire game.
 B = Non-inter-level travel turns spent in this place as a percentage of non-inter-level travel turns spent in the entire game.
 C = Inter-level travel turns spent in this place as a percentage of turns spent in this place.
 D = Turns resting spent in this place as a percentage of non-inter-level travel turns spent in this place.
 E = Turns spent auto-exploring this place as a percentage of non-inter-level travel turns spent in this place.
 F = Non-inter-level travel turns spent in this place divided by the number of levels of this place that you've seen.
                   A       B       C       D       E      F
               +-------+-------+-------+-------+-------+----------------------
         Total | 100.0 | 100.0 |   0.0 |   0.0 |  69.3 | 303.0
       Dungeon | 100.0 | 100.0 |   0.0 |   0.0 |  69.3 | 303.0
               +-------+-------+-------+-------+-------+----------------------

Table legend:
 A = Non-vault XP
 B = Vault XP
 C = Vault XP percentage of total XP
 D = Non-vault monster count
 E = Vault monster count
 F = Vault count percentage of total count
                 A         B        C        D         E       F
            +---------+---------+-------+---------+---------+-------
      Total |      22 |       0 |   0.0 |      11 |       0 |   0.0
            +---------+---------+-------+---------+---------+-------
        D:1 |      22 |       0 |   0.0 |      11 |       0 |   0.0
            +---------+---------+-------+---------+---------+-------
